[Event "Titled Tuesday Blitz January 03 Late 2023"]
[White "Liu, Casper"]
[Black "Papp, Petra"]
[WhiteFideId "1454153"]
[BlackFideId "739049"]
[WhiteElo "2278"]
[BlackElo "2343"]
[Result "1-0"]
[Round "11"]
[TimeControl "180+2"]
[Date "2023.01.03"]
[WhiteClock "0:01:15"]
[BlackClock "0:00:02"]

1. e4 c5 2. f4 d5 3. exd5 Qxd5 4. Nc3 Qd8 5. Nf3 Nf6 6. g3 Nc6 7. Bg2 e6 8. O-O Be7 9. d3 O-O 10. Ne5 Nxe5 11. fxe5 Nd5 12. Ne4 b6 13. c4 Nc7 14. Nf6+ gxf6 15. Bxa8 Nxa8 16. exf6 Qd4+ 17. Rf2 Bxf6 18. Qf3 Bg7 19. Be3 Qd7 20. Qxa8 Bb7 21. Qxa7 Qc6 22. Kf1 Ra8 23. Qxa8+ Bxa8 24. Ke2 Bxb2 25. Raf1 Bd4 26. Rxf7 Bg7 27. Re7 Qg2+ 28. Rf2 Qh3 29. Re8+ Bf8 30. Rexf8+ Kg7 31. Rxa8 Qg4+ 32. Kd2 e5 33. Ra7+ Kg8 34. Bh6 Kh8 35. Rf8+ 1-0


[Site "https://www.chess.com"]

[Event "Titled Tuesday Blitz January 03 Late 2023"]
[White "Le Goff, Ronan"]
[Black "Pino Perez, Lazaro"]
[WhiteFideId "612073"]
[BlackFideId "3517055"]
[WhiteElo "2320"]
[BlackElo "2142"]
[Result "0-1"]
[Round "11"]
[TimeControl "180+2"]
[Date "2023.01.03"]
[WhiteClock "0:02:13"]
[BlackClock "0:01:22"]

1. d4 d5 2. c4 e6 3. Nc3 Be7 4. cxd5 exd5 5. h3 Nf6 6. Bg5 h6 7. Bh4 c6 8. e3 Bf5 9. Nf3 O-O 10. Be2 Nbd7 11. O-O Bd6 12. a3 Re8 13. b4 g5 14. Nxg5 hxg5 15. Bxg5 Qe7 16. b5 Qe6 17. bxc6 bxc6 18. Bd3 Bxh3 19. gxh3 Qxh3 20. f4 Rxe3 21. Bxf6 Rg3+ 22. Kf2 Rg2+ 23. Ke1 Qg3+ 24. Rf2 Qxf2# 0-1


[Site "https://www.chess.com"]

[Event "Titled Tuesday Blitz January 03 Late 2023"]
[White "Roman, Rodrigo"]
[Black "Smith, Garrett L"]
[WhiteFideId "3701220"]
[BlackFideId "2024829"]
[WhiteElo "2058"]
[BlackElo "2047"]
[Result "0-1"]
[Round "11"]
[TimeControl "180+2"]
[Date "2023.01.03"]
[WhiteClock "0:00:03"]
[BlackClock "0:00:12"]

1. Nf3 c5 2. b3 g6 3. Bb2 Nf6 4. e3 Bg7 5. Be2 d5 6. O-O Nc6 7. d4 Ne4 8. Nbd2 O-O 9. Bd3 Nxd2 10. Qxd2 Bg4 11. Be2 Rc8 12. c3 cxd4 13. cxd4 Qb6 14. h3 Bf5 15. Rfc1 Rfd8 16. Ba3 Qa5 17. Qxa5 Nxa5 18. Bxe7 Re8 19. Bc5 b6 20. Ba6 bxc5 21. Bxc8 Rxc8 22. b4 cxb4 23. Rxc8+ Bxc8 24. Rb1 Nc6 25. Rc1 Bd7 26. Rc5 Bf8 27. Rc2 a5 28. Ne1 a4 29. Nd3 Bf5 30. Rxc6 Bxd3 31. e4 Bc4 32. exd5 Bxa2 33. d6 Be6 34. Rb6 b3 35. d5 Bf5 36. g4 Bd7 37. Rb7 Bxd6 38. Rxd7 b2 39. Rxd6 b1=Q+ 40. Kg2 a3 41. Ra6 Qb3 42. d6 Qd5+ 43. f3 a2 44. d7 Kg7 45. Kg3 h5 46. Rxa2 Qd6+ 47. f4 Qxd7 48. Rf2 Qd1 49. f5 Qg1+ 50. Kf3 Qh1+ 51. Kg3 Kh6 52. fxg6 fxg6 53. gxh5 Kxh5 54. Rf4 Qe1+ 55. Kg2 Qe2+ 56. Kg3 Qe3+ 57. Rf3 Qe5+ 58. Kg2 g5 59. Rg3 Kh4 60. Rg4+ Kh5 61. Kg1 Qe3+ 62. Kg2 Qe2+ 63. Kg3 Qe1+ 64. Kg2 Qd2+ 65. Kg3 Qe1+ 66. Kg2 Kg6 67. Kf3 Kf5 68. Kg2 Qe2+ 69. Kg3 Qe3+ 70. Kg2 Qd2+ 71. Kg3 Qe1+ 72. Kg2 Qa1 73. Kg3 Qa2 74. Kf3 Qb3+ 75. Kg2 Qc3 76. Kh2 Qf3 77. Rg3 Qf4 0-1


[Site "https://www.chess.com"]

[Event "Titled Tuesday Blitz January 03 Late 2023"]
[White "Van den Dikkenberg, Erik"]
[Black "Souza, Gustavo Horokoski De"]
[WhiteFideId "1005880"]
[BlackFideId "2146584"]
[WhiteElo "2091"]
[BlackElo "1943"]
[Result "1-0"]
[Round "11"]
[TimeControl "180+2"]
[Date "2023.01.03"]
[WhiteClock "0:00:34"]
[BlackClock "0:00:02"]

1. e4 e6 2. d4 d5 3. Nd2 Nc6 4. c3 e5 5. exd5 Qxd5 6. Ngf3 exd4 7. cxd4 Bd6 8. Bc4 Qh5 9. Qb3 Bd7 10. Ne4 Bb4+ 11. Bd2 Bxd2+ 12. Nexd2 Na5 13. Qb4 Nxc4 14. Nxc4 O-O-O 15. O-O Bc6 16. Nce5 Bd5 17. Rac1 f6 18. Qc5 c6 19. Qxa7 fxe5 20. Nxe5 Nf6 21. Qa8+ Kc7 22. Qa5+ Kc8 23. f3 Nd7 24. Nxc6 bxc6 25. Rxc6+ Kb8 26. Qb5+ 1-0


[Site "https://www.chess.com"]

[Event "Titled Tuesday Blitz January 03 Late 2023"]
[White "Liu, Kelsey"]
[Black "Simonovic, Miroslav"]
[WhiteFideId "30944481"]
[BlackFideId "919152"]
[WhiteElo "2065"]
[BlackElo "2082"]
[Result "1-0"]
[Round "11"]
[TimeControl "180+2"]
[Date "2023.01.03"]
[WhiteClock "0:00:09"]
[BlackClock "0:00:07"]

1. e4 c5 2. Nf3 Nc6 3. Bb5 g6 4. O-O Bg7 5. c3 e5 6. d4 cxd4 7. cxd4 Nxd4 8. Nxd4 exd4 9. Bf4 Ne7 10. Nd2 a6 11. Rc1 O-O 12. Bc7 Qe8 13. Nc4 Nc6 14. Nd6 Qe7 15. Ba4 b5 16. Bb3 Be5 17. Nxc8 Raxc8 18. Bb6 Bg7 19. Re1 d6 20. Bd5 Nb4 21. Rxc8 Rxc8 22. Bxd4 Nxd5 23. exd5 Qxe1+ 24. Qxe1 Bxd4 25. Qd2 Rc5 26. g3 Rxd5 27. Kg2 Kg7 28. Kf3 f5 29. g4 fxg4+ 30. Ke4 Rf5 31. Qxd4+ Rf6 32. Qa7+ Kh6 33. Qe3+ Kg7 34. Qd4 Kf7 35. Qa7+ Ke6 36. Qxa6 Rxf2 37. Qxb5 Rxh2 38. Qc4+ Ke7 39. Qc7+ Ke6 40. Qc8+ Ke7 41. Qxg4 Rh5 42. Kd4 Re5 43. a4 Kf6 44. Qf4+ Kg7 45. b4 h5 46. a5 g5 47. Qh2 Kg6 48. a6 Rf5 49. a7 Rf6 50. a8=Q Rf4+ 51. Ke3 h4 52. Qg8+ Kf5 53. Qf7+ Ke5 54. Qfxf4+ gxf4+ 55. Qxf4+ Ke6 56. Qxh4 Kd5 57. Qd4+ Kc6 58. Ke4 Kd7 59. Qd5 Kc7 60. Kf5 Kd7 61. b5 Kc7 62. Ke6 Kb6 63. Qc6+ Ka7 64. b6+ Ka6 65. b7+ Ka7 66. Qc7 Ka6 67. b8=Q d5 68. Qbb6# 1-0


[Site "https://www.chess.com"]

[Event "Titled Tuesday Blitz January 03 Late 2023"]
[White "Sariego Figueredo, Wilfredo"]
[Black "Tamarozi, Isabelle"]
[WhiteFideId "3500080"]
[BlackFideId "2132400"]
[WhiteElo "2318"]
[BlackElo "1982"]
[Result "0-1"]
[Round "11"]
[TimeControl "180+2"]
[Date "2023.01.03"]
[WhiteClock "0:00:01"]
[BlackClock "0:00:13"]

1. d4 Nf6 2. Bf4 g6 3. Nc3 d5 4. Nb5 Na6 5. e3 Bg7 6. Nc3 O-O 7. Bxa6 bxa6 8. Nf3 c5 9. dxc5 Qa5 10. O-O Qxc5 11. Be5 Bg4 12. h3 Bxf3 13. Qxf3 Rfd8 14. Rfd1 Rac8 15. Rd4 Bf8 16. Rb1 Ne4 17. Nxe4 dxe4 18. Qxe4 Rxd4 19. Bxd4 Qxc2 20. Qxc2 Rxc2 21. Bxa7 Bg7 22. Rd1 Bxb2 23. Rd8+ Kg7 24. Rd7 Be5 25. f4 Bd6 26. Bd4+ f6 27. a4 Ra2 28. Ra7 Rxa4 29. Kf2 Ra2+ 30. Kf3 h5 31. g4 hxg4+ 32. hxg4 Kf7 33. g5 fxg5 34. fxg5 Ra5 35. Kg4 Ke6 36. Ra8 Ra2 37. Kf3 a5 38. Rf8 a4 39. Rg8 Kf5 40. e4+ Kxg5 41. Be3+ Kf6 42. Bd4+ Ke6 43. Rxg6+ Kd7 0-1


[Site "https://www.chess.com"]

[Event "Titled Tuesday Blitz January 03 Late 2023"]
[White "Hernandez Bonilla, Amelia"]
[Black "Curtis, John"]
[WhiteFideId "3900193"]
[BlackFideId "3200256"]
[WhiteElo "1960"]
[BlackElo "2292"]
[Result "1-0"]
[Round "11"]
[TimeControl "180+2"]
[Date "2023.01.03"]
[WhiteClock "0:00:21"]
[BlackClock "0:00:10"]

1. d4 Nf6 2. Nf3 e6 3. g3 b6 4. Bg2 Bb7 5. c4 Be7 6. Nc3 Ne4 7. Qc2 Nxc3 8. Qxc3 Bf6 9. O-O O-O 10. Re1 c5 11. e3 d5 12. b3 dxc4 13. bxc4 cxd4 14. exd4 Nd7 15. Bb2 Rc8 16. Rac1 b5 17. c5 Rxc5 18. Qb4 Rxc1 19. Rxc1 a6 20. a4 Qa8 21. axb5 Bxf3 22. Bxf3 Qxf3 23. bxa6 h5 24. Rc7 h4 25. Qb7 Qd1+ 26. Kg2 Qg4 27. h3 Qg6 28. Rxd7 hxg3 29. a7 gxf2+ 30. Kxf2 Bh4+ 31. Ke2 Qc2+ 32. Ke3 Kh7 33. Qe4+ Qxe4+ 34. Kxe4 f5+ 35. Ke5 Re8 36. Kd6 f4 37. d5 f3 38. Rxg7+ Kh6 39. Rf7 exd5 40. Kxd5 f2 41. Bd4 Rd8+ 42. Ke4 Kg6 43. Rf3 Re8+ 44. Kd3 Rd8 45. Kc4 Rc8+ 46. Kb5 Rd8 47. Bxf2 Bxf2 48. Rxf2 Kh5 49. Ra2 Kh4 50. a8=Q Rxa8 51. Rxa8 Kxh3 52. Rg8 Kh4 53. Kc4 Kh5 54. Kd4 Kh6 55. Ke5 Kh7 56. Rg5 Kh6 57. Kf6 Kh7 58. Rg6 Kh8 59. Kf7 Kh7 60. Rf6 Kh8 61. Rh6# 1-0


[Site "https://www.chess.com"]

[Event "Titled Tuesday Blitz January 03 Late 2023"]
[White "Eisa Mohmood, Alkhoori"]
[Black "Fernandez Hernandez, Gerardo"]
[WhiteFideId "9316116"]
[BlackFideId "2207400"]
[WhiteElo "1095"]
[BlackElo "2181"]
[Result "1-0"]
[Round "11"]
[TimeControl "180+2"]
[Date "2023.01.03"]
[WhiteClock "0:00:01"]
[BlackClock "0:01:08"]

1. d4 Nf6 2. g3 d5 3. Nf3 g6 4. Bg2 Bg7 5. O-O O-O 6. c4 c6 7. b3 a5 8. Bb2 a4 9. e3 Bg4 10. Nbd2 a3 11. Bc3 Ne4 12. Bb4 c5 13. dxc5 Bxa1 14. Qxa1 Nc6 15. Nxe4 dxe4 16. Ne5 Nxb4 17. Nxg4 f5 18. Nh6# 1-0


[Site "https://www.chess.com"]

[Event "Titled Tuesday Blitz January 03 Late 2023"]
[White "Sailer, Mike"]
[Black "Schill, William"]
[WhiteFideId "2012901"]
[BlackFideId "2016710"]
[WhiteElo "2109"]
[BlackElo "2147"]
[Result "1-0"]
[Round "11"]
[TimeControl "180+2"]
[Date "2023.01.03"]
[WhiteClock "0:00:20"]
[BlackClock "0:00:08"]

1. d4 Nf6 2. Bf4 g6 3. Nf3 Bg7 4. e3 O-O 5. Be2 d6 6. O-O c5 7. c4 Nh5 8. Bg5 h6 9. Bh4 g5 10. Bg3 Nxg3 11. hxg3 Nc6 12. Nc3 Bg4 13. a3 Rc8 14. Rb1 Bxf3 15. Bxf3 cxd4 16. Bxc6 Rxc6 17. exd4 Rxc4 18. Qb3 d5 19. Qxb7 e6 20. Qxa7 Bxd4 21. Qa6 Bxc3 22. bxc3 Rxc3 23. Rb7 Qa8 24. Ra7 Qc6 25. Qa5 Rc8 26. Kh2 Rc1 27. Rxc1 Qxc1 28. a4 Qc5 29. Qa6 Rc6 30. Qb7 1-0


[Site "https://www.chess.com"]

[Event "Titled Tuesday Blitz January 03 Late 2023"]
[White "Sloan, Julia Elizabeth"]
[Black "Cruz Gomez, Miguel Angel"]
[WhiteFideId "2018950"]
[BlackFideId "5137160"]
[WhiteElo "2087"]
[BlackElo "1950"]
[Result "0-1"]
[Round "11"]
[TimeControl "180+2"]
[Date "2023.01.03"]
[WhiteClock "0:02:11"]
[BlackClock "0:02:08"]

1. d4 d5 2. c4 e5 3. e3 Bb4+ 4. Nc3 exd4 5. exd4 Ne7 6. Bd3 Nbc6 7. Ne2 Bg4 8. f3 Bh5 9. O-O Qd7 10. Nf4 Bg6 11. Nxg6 hxg6 12. c5 Nxd4 13. Bxg6 Bxc5 14. Be3 Nxg6 15. Bxd4 Bd6 16. Bxg7 Bxh2+ 17. Kf2 O-O-O 18. Bxh8 Rxh8 19. Qxd5 Qe7 20. Rae1 Bg3+ 21. Kg1 Rh1+ 22. Kxh1 Qh4+ 23. Kg1 Qh2# 0-1


[Site "https://www.chess.com"]

[Event "Titled Tuesday Blitz January 03 Late 2023"]
[White "Jorajuria Mendoza, Algol"]
[Black "Savic, Miroslav"]
[WhiteFideId "5128897"]
[BlackFideId "14508494"]
[WhiteElo "2069"]
[BlackElo "2167"]
[Result "1-0"]
[Round "11"]
[TimeControl "180+2"]
[Date "2023.01.03"]
[WhiteClock "0:00:43"]
[BlackClock "0:00:07"]

1. e4 c5 2. Nf3 d6 3. d4 cxd4 4. Qxd4 a6 5. c4 Nf6 6. Bg5 Nc6 7. Qd3 Bg4 8. Bxf6 gxf6 9. Nc3 e6 10. Rd1 Qa5 11. Be2 Rg8 12. O-O Qh5 13. Kh1 O-O-O 14. Ng1 Ne5 15. Qe3 Bh6 16. Qa7 Bxe2 17. Ncxe2 Ng4 18. h3 Ne5 19. f4 Nc6 20. Qf2 Qg6 21. f5 Qg5 22. Nf3 Qe3 23. Ned4 Nxd4 24. Nxd4 Qxf2 25. Rxf2 Be3 26. Rc2 Bxd4 27. Rxd4 Kc7 28. g4 h5 29. gxh5 Rg5 30. Rf2 Rh8 31. fxe6 Rhxh5 32. exf7 Rxh3+ 33. Rh2 Rf3 34. Rd1 Rg8 35. fxg8=Q Rf1+ 36. Rxf1 Kb6 37. Rxf6 Ka5 38. Rh5+ b5 39. Qd8+ Kb4 40. cxb5 Kc4 41. Qxd6 axb5 42. Rc5+ Kb4 43. Rc3+ Ka5 44. Ra3# 1-0


[Site "https://www.chess.com"]

[Event "Titled Tuesday Blitz January 03 Late 2023"]
[White "Lutz, Igor Oscar"]
[Black "ajedrez-facil"]
[WhiteFideId "2110806"]
[WhiteElo "1969"]
[BlackElo "2103"]
[Result "0-1"]
[Round "11"]
[TimeControl "180+2"]
[Date "2023.01.03"]
[WhiteClock "0:00:38"]
[BlackClock "0:01:53"]

1. d4 Nf6 2. c4 g6 3. Nc3 d5 4. cxd5 Nxd5 5. e4 Nxc3 6. bxc3 Bg7 7. Be3 c5 8. Bc4 O-O 9. Ne2 Nc6 10. O-O cxd4 11. cxd4 a6 12. Rb1 b5 13. Bd5 Bb7 14. Rc1 Rc8 15. Qd2 e6 16. Bb3 Qa5 17. Rfd1 Qxd2 18. Rxd2 Na5 19. Rdc2 Nxb3 20. axb3 Rxc2 21. Rxc2 Bxe4 22. Rc7 Bd5 23. b4 Rd8 24. Nf4 Bc4 25. g3 Bxd4 26. Bxd4 Rxd4 27. Ra7 Bb3 28. Ra8+ Kg7 29. Ra7 Rxb4 30. Nxe6+ Bxe6 0-1


[Site "https://www.chess.com"]

[Event "Titled Tuesday Blitz January 03 Late 2023"]
[White "Kho, Darrell"]
[Black "Desideri, Ricardo Maruchi"]
[WhiteFideId "1019317"]
[BlackFideId "2110440"]
[WhiteElo "2075"]
[BlackElo "1959"]
[Result "1-0"]
[Round "11"]
[TimeControl "180+2"]
[Date "2023.01.03"]
[WhiteClock "0:00:06"]
[BlackClock "0:00:01"]

1. e4 c5 2. Nf3 d6 3. d4 cxd4 4. Qxd4 a6 5. Be2 Nc6 6. Qe3 Nf6 7. O-O e6 8. Rd1 Qc7 9. c4 b6 10. Nc3 Bb7 11. b3 Be7 12. Bb2 O-O 13. Rac1 Nb8 14. h3 Nbd7 15. Ba3 Rac8 16. e5 Nxe5 17. Nxe5 dxe5 18. Bxe7 Qxe7 19. Qxb6 Rfd8 20. Rxd8+ Rxd8 21. c5 Rc8 22. Bxa6 Bxa6 23. Qxa6 Rxc5 24. b4 Rc7 25. b5 g6 26. b6 Rb7 27. a4 Qa3 28. Rd1 Rb8 29. Qa7 Qf8 30. a5 Ra8 31. Qc7 Rc8 32. Qxe5 Qe7 33. a6 Nd7 34. Qb5 Rxc3 35. b7 Nb8 36. a7 Qc7 37. axb8=Q+ Qxb8 38. Qb6 1-0


[Site "https://www.chess.com"]

[Event "Titled Tuesday Blitz January 03 Late 2023"]
[White "Oliveira, Tiago Batista"]
[Black "Guevara Sanchez, Erick Marvin"]
[WhiteFideId "2108291"]
[BlackFideId "6700136"]
[WhiteElo "1991"]
[BlackElo "2073"]
[Result "0-1"]
[Round "11"]
[TimeControl "180+2"]
[Date "2023.01.03"]
[WhiteClock "0:00:02"]
[BlackClock "0:00:10"]

1. d4 c5 2. d5 d6 3. g3 Nf6 4. Bg2 e6 5. c4 Nbd7 6. Nc3 Rb8 7. e4 a6 8. a4 Be7 9. Nge2 O-O 10. O-O Ne5 11. b3 Ned7 12. dxe6 fxe6 13. Nf4 Ne5 14. Nd3 Nc6 15. Be3 e5 16. Bg5 Nd4 17. Bxf6 Bxf6 18. Nd5 Be6 19. Nxf6+ Rxf6 20. f4 Qc7 21. Ra2 Rbf8 22. Raf2 Bd7 23. f5 b5 24. axb5 axb5 25. g4 h6 26. h4 bxc4 27. bxc4 R6f7 28. g5 hxg5 29. hxg5 g6 30. fxg6 Rxf2 31. Rxf2 Rxf2 32. Nxf2 Be8 33. Qh5 Qg7 34. Ng4 Bxg6 35. Nh6+ Kh7 36. Qh3 Ne2+ 37. Kh2 Nf4 38. Nf5+ Kg8 39. Nxg7 Nxh3 40. Bxh3 Kxg7 41. Bf5 Bf7 42. g6 Bxc4 43. Kg3 Bb5 44. Kf3 Be8 45. Ke3 Bxg6 46. Be6 Bf7 47. Bd7 d5 48. exd5 Bxd5 49. Kd3 Kf6 50. Bg4 Kg5 51. Bd1 Kf4 0-1


[Site "https://www.chess.com"]

[Event "Titled Tuesday Blitz January 03 Late 2023"]
[White "Sanchez Alvares, Kelvin Antonio"]
[Black "Saim, Mohamed Ilias"]
[WhiteFideId "3906680"]
[BlackFideId "7900465"]
[WhiteElo "2243"]
[BlackElo "2169"]
[Result "1-0"]
[Round "11"]
[TimeControl "180+2"]
[Date "2023.01.03"]
[WhiteClock "0:01:55"]
[BlackClock "0:00:16"]

1. e4 c6 2. d4 d5 3. e5 Bf5 4. Nc3 e6 5. g4 Bg6 6. Nge2 c5 7. h4 cxd4 8. Nxd4 h5 9. Bb5+ Nd7 10. f4 hxg4 11. f5 exf5 12. e6 fxe6 13. Nxe6 Qe7 14. Qe2 Rc8 15. Nxd5 Rxc2 16. Bxd7+ Kxd7 17. Qb5+ Kxe6 18. Nxe7 Kxe7 19. Bg5+ Kf7 20. Qb3+ Ke8 21. Qxc2 Bb4+ 22. Kf1 Nf6 23. Qa4+ 1-0


[Site "https://www.chess.com"]

[Event "Titled Tuesday Blitz January 03 Late 2023"]
[White "Marcolino, Daniel Mattos"]
[Black "Vargas, Mauricio"]
[WhiteFideId "2106841"]
[BlackFideId "4404572"]
[WhiteElo "2006"]
[BlackElo "2035"]
[Result "1-0"]
[Round "11"]
[TimeControl "180+2"]
[Date "2023.01.03"]
[WhiteClock "0:00:57"]
[BlackClock "0:00:06"]

1. d4 c6 2. Nf3 d5 3. g3 Bg4 4. Bg2 e6 5. c4 f5 6. h3 Bh5 7. Nc3 Nf6 8. Qb3 Qb6 9. c5 Qxb3 10. axb3 a6 11. b4 Ne4 12. Bf4 Nd7 13. Ne5 Nxc3 14. bxc3 Be7 15. c4 Nf6 16. Bg5 O-O 17. Bxf6 Rxf6 18. cxd5 exd5 19. f4 Re8 20. Kd2 Rf7 21. Nxf7 Kxf7 22. e3 Bf6 23. Rhb1 Re7 24. Ra5 Kg6 25. Bf1 Kf7 26. Bd3 Bg6 27. Rba1 h5 28. h4 Ke6 29. b5 axb5 30. Ra8 Bf7 31. Rb8 g6 32. Ra7 Be8 33. Rbxb7 Bd7 34. Rc7 Bg7 35. Ra6 Bf6 36. Bxb5 Kf7 37. Bxc6 1-0


[Site "https://www.chess.com"]

[Event "Titled Tuesday Blitz January 03 Late 2023"]
[White "Romanchuk, Viktor"]
[Black "Dias, Joao Batista"]
[WhiteFideId "14109271"]
[BlackFideId "2108240"]
[WhiteElo "2266"]
[BlackElo "1796"]
[Result "1-0"]
[Round "11"]
[TimeControl "180+2"]
[Date "2023.01.03"]
[WhiteClock "0:00:19"]
[BlackClock "0:01:12"]

1. d4 d5 2. c4 c6 3. Nc3 Nf6 4. e3 g6 5. Nf3 Bg7 6. Be2 O-O 7. O-O Re8 8. h3 Nbd7 9. cxd5 cxd5 10. Qb3 Nb6 11. a4 e6 12. a5 Nbd7 13. Bd2 b6 14. axb6 Qxb6 15. Qxb6 Nxb6 16. Nb5 Re7 17. Bb4 Rb7 18. Bc5 Bd7 19. Ne5 Bxb5 20. Bxb5 Rab8 21. Bc6 Rc7 22. Bd6 Rxc6 23. Nxc6 Rb7 24. Rxa7 Rxa7 25. Nxa7 Nc4 26. Ba3 Ne4 27. Nb5 Bf6 28. Rd1 Kg7 29. b3 Na5 30. Rd3 Bh4 31. g3 Bd8 32. Bb4 Nc6 33. Be1 f5 34. Nc3 Nb4 35. Rd1 Kf6 36. Nxe4+ fxe4 37. Bxb4 g5 38. Bd6 Kf7 39. g4 Ke8 40. b4 Kd7 41. Bc5 Kc6 42. Kg2 Kb5 43. Ra1 h6 44. Ra8 Kc4 45. Rxd8 Kd3 46. Re8 1-0